Map: Dusty Gorge

Players

Throwfordays

  • Race: Protoss Protoss
  • League: Silver
  • Spawn Location: 3:00

Faust

  • Race: Zerg Zerg
  • League: Diamond
  • Spawn Location: 5:00

RaitoKun

  • Race: Zerg Zerg
  • League: Platinum
  • Spawn Location: 11:00

rafocaina

  • Race: Protoss Protoss
  • League: Platinum
  • Spawn Location: 9:00

VOD

Have the link to the VOD?

Description

Time

  • Played on: April 29, 2019, 11:27 p.m.
  • Length: 15:09
Show
View Real Time Build Order
Export as new Build Order

Throwfordays Protoss 

Build Orders:  

Get SALT Encoding   

  12  0:03  Probe  
  13  0:19  Probe  
  13  0:20  Pylon  
  14  0:38  Gateway  
  14  0:49  Probe  
  15  0:57  Probe  
  16  1:06  Probe  
  17  1:13  Gateway  
  17  1:26  Cybernetics Core  
  17  1:29  Probe  
  17  1:32  Assimilator  
  17  1:37  Probe  
  19  1:47  Probe  
  22  2:06  Shield Battery  
  22  2:07  Zealot  
  22  2:08  Pylon  
  22  2:11  Shield Battery  
  21  2:26  Zealot  
  23  2:38  Pylon  
  23  2:43  Pylon  
  23  2:47  Probe  
  22  2:56  Pylon  
  26  2:59  Adept x2, Probe  
  25  3:14  Pylon  
  25  3:15  Shield Battery  
  25  3:21  Shield Battery  
  25  3:31  Pylon, Warp Gate  
  25  3:38  Robotics Facility  
  25  3:45  Adept  
  23  3:48  Adept  
  25  3:58  Assimilator  
  25  4:28  Nexus  
  25  4:30  Immortal  
  29  4:43  Adept  
  31  4:49  Adept  
  33  4:54  Probe  
  34  5:06  Probe  
  35  5:23  Probe, Immortal  
  40  5:31  Probe  
  41  5:41  Adept, Probe  
  43  5:44  Adept  
  46  5:51  Probe  
  46  5:53  Probe  
  48  5:58  Pylon  
  48  6:01  Probe  
  49  6:05  Probe  
  49  6:09  Probe  
  50  6:17  Probe x2  
  53  6:29  Probe x2  
  55  6:37  Assimilator  
  55  6:39  Assimilator  
  55  6:41  Probe  
  55  6:42  Probe  
  57  6:49  Stalker  
  57  6:50  Stalker  
  57  6:54  Probe  
  62  7:06  Probe  
  63  7:14  Stalker x2  
  67  7:43  Stalker  
  67  7:44  Stalker  
  69  7:59  Immortal  
  55  8:21  Stalker x2  
  57  8:41  Immortal  
  57  8:47  Probe  
  58  8:59  Probe  
  59  9:05  Adept x2  
  63  9:14  Forge  
  63  9:15  Forge, Nexus  
  63  9:16  Pylon  
  63  9:17  Forge  
  63  9:19  Twilight Council  
  63  9:20  Pylon, Robotics Bay, Immortal  
  67  9:25  Assimilator  
  67  9:29  Assimilator  
  67  9:30  Adept x2  
  71  9:42  Pylon  
  71  9:57  Protoss Ground Weapons Level 1, Protoss Ground Armor Level 1, Protoss Shields Level 1, Extended Thermal Lance  
  71  9:59  Probe  
  72  10:03  Probe  
  73  10:12  Probe  
  74  10:15  Probe  
  74  10:17  Pylon  
  75  10:24  Probe  
  75  10:27  Probe  
  77  10:28  Pylon  
  77  10:30  Resonating Glaives  
  77  10:31  Pylon  
  77  10:36  Pylon, Colossus  
  77  10:40  Pylon  
  77  10:42  Stalker x2  
  87  10:45  Pylon  
  87  10:50  Pylon  
  87  10:57  Gateway x2  
  87  11:00  Gateway  
  87  11:02  Gateway  
  81  11:04  Gateway  
  81  11:05  Gateway  
  77  11:13  Stalker x2  
  79  11:25  Probe  
  78  11:29  Probe  
  78  11:30  Immortal  
  83  11:37  Probe  
  80  11:41  Probe  
  81  11:49  Probe  
  81  11:52  Stalker  
  81  11:53  Stalker x2  
  88  11:54  Pylon  
  88  11:56  Pylon  
  88  12:01  Probe x2  
  89  12:12  Probe  
  89  12:13  Probe x2  
  87  12:25  Probe x2  
  87  12:26  Stalker x2  
  81  12:37  Probe x2  
  81  12:43  Stalker x3  
  89  12:49  Probe  
  89  12:50  Probe  
  82  12:54  Stalker  
  82  12:55  Stalker  
  68  13:18  Photon Cannon  
  68  13:21  Photon Cannon  
  61  13:42  Stalker  
  61  13:43  Stalker  
  64  14:18  Probe  
  65  14:25  Probe  
  65  14:26  Probe x2  
  68  14:33  Probe  
  68  14:36  Probe  
  70  14:43  Probe  
  70  14:48  Probe  
  72  14:55  Stargate  
  72  14:56  Probe  
  72  14:58  Stargate  
Show
View Real Time Build Order
Export as new Build Order

Faust Zerg 

Build Orders: Pool First, Lurkers 

Get SALT Encoding   

  12  0:00  Drone  
  13  0:09  Drone  
  14  0:15  Extractor  
  14  0:16  Drone  
  15  0:23  Overlord  
  15  0:43  Spawning Pool, Drone  
  15  0:46  Drone  
  16  0:50  Extractor  
  16  0:52  Drone  
  16  0:56  Drone  
  17  1:23  Hatchery  
  16  1:25  Drone  
  16  1:29  Drone  
  16  1:32  Zergling x2  
  19  1:50  Zergling x4  
  21  1:58  Metabolic Boost  
  21  2:01  Zergling x2  
  22  2:11  Overlord  
  22  2:18  Baneling Nest  
  21  2:28  Queen  
  23  2:40  Zergling x6  
  23  2:41  Queen  
  25  2:57  Zergling x8  
  28  3:21  Zergling x4  
  28  3:22  Zergling x4  
  31  3:57  Drone x2  
  31  3:58  Drone  
  31  3:59  Drone x2  
  31  4:02  Overlord x2  
  34  4:17  Baneling  
  26  4:34  Drone  
  26  4:35  Drone x6  
  26  4:36  Drone x2, Overlord  
  35  4:40  Lair  
  35  4:43  Extractor  
  34  4:47  Drone x2  
  34  4:48  Drone  
  34  4:50  Drone  
  38  4:59  Drone x2  
  40  5:05  Drone  
  41  5:08  Drone  
  41  5:09  Drone  
  41  5:11  Extractor  
  41  5:13  Extractor  
  41  5:23  Spore Crawler  
  41  5:27  Spore Crawler, Drone  
  41  5:28  Drone x3  
  42  5:29  Drone x2  
  42  5:32  Drone  
  42  5:33  Drone  
  47  5:38  Overseer  
  47  5:47  Spire  
  46  5:55  Pneumatized Carapace  
  46  5:57  Burrow  
  46  6:01  Zergling x8, Hatchery  
  49  6:16  Zergling x10  
  54  6:20  Hydralisk Den  
  53  6:31  Zergling x2  
  53  6:32  Zergling x2  
  55  6:33  Zergling x2  
  55  6:38  Drone x3  
  59  6:47  Baneling x2  
  59  6:48  Baneling x6  
  59  6:49  Baneling x4  
  48  6:59  Zergling x6  
  37  7:14  Zergling x10  
  24  7:41  Drone  
  24  7:42  Drone x5  
  30  7:55  Drone x3  
  33  8:03  Hydralisk  
  33  8:04  Hydralisk x2  
  39  8:08  Hydralisk  
  40  8:17  Hydralisk  
  39  8:23  Drone x2  
  41  8:27  Spawning Pool  
  40  8:41  Drone x5  
  45  8:59  Hatchery  
  44  9:13  Drone  
  44  9:14  Drone x4  
  43  10:01  Drone x2  
  43  10:02  Drone x2  
  43  10:05  Lair  
  47  10:17  Drone  
  47  10:18  Drone x6  
  47  10:19  Extractor  
  53  10:22  Extractor  
  53  10:27  Drone  
  53  10:28  Drone x3  
  56  10:32  Drone  
  43  10:53  Drone  
  43  10:54  Drone  
  41  11:03  Hydralisk Den  
  39  11:06  Spire  
  38  11:12  Drone x9  
  38  11:34  Hydralisk  
  38  11:35  Hydralisk x5  
  50  11:53  Lurker Den  
  50  11:54  Hydralisk  
  49  11:57  Overlord x2  
  51  12:08  Drone  
  52  12:11  Overlord x2  
  52  12:17  Spawning Pool  
  51  12:27  Muscular Augments  
  51  12:46  Hydralisk x3  
  51  12:47  Hydralisk x3  
  63  13:03  Hydralisk x9  
  38  13:20  Lurker x2  
  38  13:21  Lurker x8  
  45  13:32  Lurker x5  
  45  13:33  Lurker x3  
  34  13:39  Grooved Spines  
  24  13:48  Drone  
  24  13:49  Drone x2  
  24  14:24  Drone  
  24  14:39  Hatchery  
  24  14:41  Extractor  
  24  14:42  Extractor  
Show
View Real Time Build Order
Export as new Build Order

RaitoKun Zerg 

Build Orders: Pool First 

Get SALT Encoding   

  12  0:20  Spawning Pool  
  11  0:24  Drone  
  11  0:27  Drone  
  13  0:35  Extractor  
  12  0:36  Drone  
  13  0:45  Overlord  
  13  1:08  Zergling x2  
  13  1:09  Zergling x4  
  16  1:14  Queen  
  18  1:31  Zergling x2  
  18  1:32  Zergling x2  
  20  1:36  Metabolic Boost  
  20  1:55  Drone x2  
  22  2:12  Overlord  
  21  2:51  Zergling x2  
  21  2:52  Zergling x6  
  23  3:04  Overlord  
  23  3:24  Drone  
  24  3:35  Hatchery  
  18  3:51  Zergling x6  
  18  3:54  Zergling x2  
  18  3:55  Zergling x4  
  24  3:59  Extractor  
  23  4:06  Lair  
  23  4:20  Zergling x4  
  17  4:35  Zergling x4  
  17  4:36  Zergling x2  
  19  4:51  Drone  
  20  4:59  Overlord  
  20  5:00  Drone  
  21  5:09  Nydus Network  
  20  5:15  Drone x2  
  20  5:16  Queen  
  20  5:19  Drone x2  
  26  5:33  Drone x2  
  28  5:44  Roach Warren  
  27  5:54  Drone x2  
  27  5:55  Drone  
  30  6:24  Roach x3  
  36  6:28  Roach x3  
  42  6:44  Nydus Canal  
  42  6:46  Queen  
  44  6:48  Drone  
  43  7:09  Nydus Canal  
  43  7:12  Zergling x6  
  46  7:16  Zergling x6  
  49  7:29  Nydus Canal  
  49  7:33  Queen  
  51  7:37  Overlord  
  51  7:39  Drone  
  31  8:39  Zergling x2  
  31  8:40  Zergling x4  
  34  8:46  Spire  
  34  8:48  Drone x3  
  36  8:52  Extractor  
  36  8:53  Extractor  
  36  8:54  Queen  
  36  9:10  Zergling x4  
  36  9:14  Drone x2  
  40  9:19  Roach x3  
  46  9:25  Nydus Canal  
  41  9:58  Mutalisk  
  41  9:59  Mutalisk x5  
  49  10:01  Overlord x2  
  51  10:23  Mutalisk x4  
  51  10:24  Mutalisk x3  
  51  10:26  Mutalisk  
  67  10:29  Hatchery  
  67  10:34  Zergling x4  
  68  10:36  Overlord  
  68  10:51  Nydus Canal  
  68  10:57  Zergling x10  
  73  11:18  Mutalisk  
  73  11:19  Overlord  
  73  11:20  Overlord x2  
  62  11:53  Drone x2  
  62  11:54  Drone x6  
  67  12:01  Queen  
  72  12:36  Queen  
  66  13:11  Mutalisk x6  
  66  13:12  Mutalisk x2  
  82  13:15  Mutalisk x3  
  82  13:53  Mutalisk x4  
  90  14:17  Mutalisk  
  90  14:18  Mutalisk x2  
  96  14:43  Overlord x3  
  96  14:53  Extractor  
  96  14:54  Extractor  
Show
View Real Time Build Order
Export as new Build Order

rafocaina Protoss 

Build Orders: Zealot Archon 

Get SALT Encoding   

  12  0:13  Pylon  
  12  0:15  Probe  
  13  0:23  Probe  
  13  0:59  Probe  
  13  1:00  Gateway  
  14  1:05  Assimilator  
  14  1:08  Assimilator, Probe  
  14  1:17  Pylon, Probe  
  16  1:29  Probe  
  17  1:41  Probe  
  18  1:55  Forge  
  18  1:56  Probe  
  18  1:57  Cybernetics Core  
  20  2:08  Probe  
  20  2:17  Gateway, Probe  
  20  2:20  Pylon  
  21  2:25  Probe  
  22  2:35  Warp Gate  
  22  2:39  Photon Cannon  
  22  2:41  Stalker  
  24  3:01  Twilight Council  
  24  3:07  Pylon  
  24  3:13  Zealot  
  24  3:14  Zealot  
  28  3:22  Pylon  
  28  3:33  Shield Battery  
  28  3:36  Charge  
  28  3:51  Gateway  
  28  3:55  Gateway  
  30  4:02  Zealot  
  30  4:29  Pylon  
  30  4:32  Photon Cannon  
  30  4:34  Protoss Ground Weapons Level 1  
  30  4:57  Templar Archives  
  30  5:02  Zealot x3  
  36  5:07  Probe  
  37  5:25  Zealot x2  
  41  5:38  Pylon  
  41  5:49  Zealot  
  43  5:50  Zealot x3  
  49  6:10  High Templar  
  49  6:11  High Templar x3  
  57  6:25  Archon x2  
  57  7:03  Zealot x3  
  57  7:04  Zealot  
  38  7:43  Protoss Ground Armor Level 1  
  24  7:58  High Templar  
  24  7:59  High Templar x3  
  32  8:20  Gateway  
  32  8:22  Archon  
  32  8:23  Gateway, Archon  
  32  8:25  Gateway  
  32  8:26  Gateway  
  32  8:32  Zealot x4  
  38  8:52  Nexus  
  38  8:54  Zealot x2  
  42  8:58  Pylon  
  42  9:05  Zealot  
  42  9:08  Zealot  
  46  9:22  Zealot  
  48  9:24  Zealot  
  50  9:37  Probe  
  51  9:45  Probe  
  52  9:54  Probe  
  52  9:59  Zealot  
  55  10:01  Zealot  
  55  10:07  Probe  
  58  10:15  Assimilator  
  58  10:19  Assimilator  
  46  11:19  Protoss Ground Weapons Level 2  
  46  11:32  Zealot x2  
  50  11:33  Zealot x4  
  58  11:46  Probe  
  58  11:51  Probe  
  59  11:54  Probe  
  59  11:59  Probe  
  61  12:04  Probe  
  63  12:08  Photon Cannon  
  63  12:09  Probe  
  63  12:10  Pylon  
  63  12:12  Pylon  
  63  12:14  Zealot  
  63  12:15  Zealot x4  
  72  12:16  Zealot  
  72  12:21  Probe  
  77  12:42  Probe  
  77  12:50  Probe  
  77  13:00  Probe  
  78  13:51  Zealot x3  
  78  13:52  Zealot x3  
  78  13:53  Zealot x2  
  74  14:34  Robotics Facility  
  74  14:44  Zealot x5  
  74  14:45  Zealot x3  
  90  15:07  Photon Cannon  
Tags
 
Add a new tag
Caveats
  • Supply blocks, unpowered buildings, or Contaminate may cause inaccurate times.
  • Supply counts are checked every 10 seconds.